Wolfpack vs Sound Tigers
Created - December 29, 2021 at 19:14
Goals
|
| Wolfpack |
3 |
3 |
3 |
9 |
| Sound Tigers |
0 |
0 |
3 |
3 |
|
Shots
|
| Wolfpack |
18 |
13 |
11 |
42 |
| Sound Tigers |
11 |
6 |
18 |
35 |
|
1st period
1. Wolfpack , Samuel Blais 3 (Derrick Pouliot 2) at 5:28
2. Wolfpack , Stefan Noesen 6 (Steven Santini 4) at 6:15
3. Wolfpack , Dave Dziurzynski 2 (Stefan Noesen 9, Maxime Sauvé 7) at 13:57
Penalties :
Stefan Noesen (Har) for Goalie Interference (Minor) at 14:42
2nd period
4. Wolfpack , Ryan Dzingel 3 (Seth Griffith 2, Colton White 1) at 2:12
5. Wolfpack , Samuel Blais 4 (Maxime Sauvé 8) at 10:18 (PP)
6. Wolfpack , Dave Dziurzynski 3 (Derrick Pouliot 3, Steven Santini 5) at 11:25
Penalties :
Julian Melchiori (BRI) for Holding Stick (Minor) at 5:22, Alexander Yelesin (BRI) for Goalie Interference (Minor) at 9:16, Stefan Noesen (Har) for High sticking (Minor) at 18:33
3rd period
7. Sound Tigers , Tyrell Goulbourne 3 (Julian Melchiori 3, Scott Glennie 1) at 1:05
8. Sound Tigers , Rhett Gardner 1 (Scott Glennie 2) at 5:26
9. Wolfpack , Samuel Blais 5 (Henrik Samuelsson 4, Stefan Noesen 10) at 10:20
10. Sound Tigers , James Sheppard 4 (Connor Murphy 7, Ryan Bourque 3) at 10:54
11. Wolfpack , Vince Dunn 2 (Kevin Roy 2) at 16:14
12. Wolfpack , Steven Santini 2 (Stefan Noesen 11, Dave Dziurzynski 3) at 17:24 (PP)
Penalties :
Ryan Dzingel (Har) for Cross-checking (Minor) at 3:13, Ben Thomson (BRI) for Roughing (Minor) at 17:12
Goalie Stats
Samuel Montembeault (Har), 32 saves from 35 shots - (0.914), W, 3-4-0, 60:00 minutes
Sean Maguire (BRI), 15 saves from 19 shots - (0.789), 29:42 minutes
Pavel Francouz (BRI), 18 saves from 23 shots - (0.783), L, 3-4-1, 30:18 minutes
Players Stats for Wolfpack
Player Name G A P +/- PIM S H SB GA TA FO MP PP MP PK MP
------------------------------------------------------------------------------------
Alex Barre-Boulet 0 0 0 1 0 0 4 0 0 0 0/1 13:41 0:00 0:00
Colton White 0 1 1 0 0 0 0 0 0 1 0/0 13:15 0:00 0:17
Connor Chatam 0 0 0 1 0 0 0 0 0 0 0/0 7:28 0:00 0:00
Dave Dziurzynski 2 1 3 1 0 7 2 0 0 0 2/3 23:32 1:54 3:41
David Pope 0 0 0 1 0 2 0 1 0 0 0/0 8:23 0:00 1:09
Derrick Pouliot 0 2 2 1 0 2 0 2 1 2 0/0 27:31 2:07 3:14
Henrik Samuelsson 0 1 1 0 0 5 1 0 1 1 3/10 17:09 1:19 1:52
Kevin Roy 0 1 1 1 0 0 0 0 0 0 2/4 7:23 0:00 0:12
Maxime Sauvé 0 2 2 2 0 1 1 1 2 0 26/42 23:15 1:54 3:41
Mikhail Sergachev 0 0 0 3 0 1 1 3 0 1 0/0 19:12 1:06 2:26
Ryan Culkin 0 0 0 0 0 0 1 0 0 1 0/0 13:15 0:00 0:17
Ryan Dzingel 1 0 1 0 2 1 2 0 0 0 0/0 14:37 1:19 1:04
Samuel Blais 3 0 3 1 0 4 1 2 1 0 1/2 15:18 1:19 0:15
Sebastian Collberg 0 0 0 1 0 2 2 1 0 0 0/0 12:00 0:00 0:00
Seth Griffith 0 1 1 1 0 1 4 0 0 0 5/8 12:00 0:00 0:00
Stefan Noesen 1 3 4 2 4 8 4 1 0 1 2/3 19:33 1:54 0:00
Steven Santini 1 2 3 1 0 5 0 0 0 1 0/0 27:16 2:07 3:14
Vince Dunn 1 0 1 3 0 3 1 1 0 0 0/0 19:12 1:06 2:26
Players Stats for Sound Tigers
Player Name G A P +/- PIM S H SB GA TA FO MP PP MP PK MP
------------------------------------------------------------------------------------
Alexander Yelesin 0 0 0 1 2 2 1 1 0 0 0/0 11:45 0:00 1:21
Ben Johnson 0 0 0 -3 0 2 1 0 0 0 3/6 9:34 0:00 0:15
Ben Thomson 0 0 0 -2 2 1 2 0 1 0 0/1 17:15 2:53 0:59
Blake Speers 0 0 0 0 0 0 0 0 0 0 0/0 0:00 0:00 0:00
Borna Rendulic 0 0 0 0 0 3 2 2 1 1 2/3 22:11 3:04 1:59
Brad Ross 0 0 0 -3 0 2 1 0 0 0 0/0 9:34 0:00 0:15
Brandon Gignac 0 0 0 0 0 0 0 0 0 0 0/0 0:24 0:00 0:24
Connor Murphy 0 1 1 -5 0 5 0 1 3 1 0/0 27:59 3:09 1:36
David Broll 0 0 0 0 0 0 0 0 0 0 0/0 0:00 0:00 0:00
Dylan McIlrath 0 0 0 -5 0 0 1 2 0 0 0/0 27:35 3:09 0:59
Gabriel Carlsson 0 0 0 1 0 0 0 1 0 0 0/0 11:37 0:00 0:37
Garret Pilon 0 0 0 0 0 0 0 0 0 0 0/0 0:00 0:00 0:00
James Livingstone 0 0 0 -2 0 3 2 0 1 0 2/2 16:52 2:53 0:35
James Sheppard 1 0 1 0 0 4 2 0 1 0 2/6 22:11 3:04 1:59
Josh Archibald 0 0 0 -3 0 1 0 0 0 0 0/0 9:19 0:00 0:00
Julian Melchiori 0 1 1 0 2 3 1 1 1 3 0/0 20:14 2:48 0:16
Pavel Kraskovsky 0 0 0 -2 0 3 2 1 0 0 7/16 16:17 2:53 0:00
Rhett Gardner 1 0 1 1 0 1 0 0 0 0 2/4 10:59 0:00 0:00
Ryan Bourque 0 1 1 0 0 3 0 0 0 0 12/33 20:12 3:04 0:00
Scott Glennie 0 2 2 1 0 0 1 0 0 0 1/1 10:59 0:00 0:00
Slater Koekkoek 0 0 0 0 0 1 0 0 0 0 0/0 20:48 2:48 1:37
Tyrell Goulbourne 1 0 1 1 0 1 0 0 0 0 1/1 10:59 0:00 0:00
3 Stars
1 - Samuel Blais (Har)
2 - Dave Dziurzynski (Har)
3 - Stefan Noesen (Har)
Power Play
Wolfpack - 2 on 3 Attempt(s) - 66.67%
Sound Tigers - 0 on 3 Attempt(s) - 0.00%
Penalty Kill
Wolfpack - 3 on 3 Attempt(s) - 100.00%
- Score 0 goal in Penalty Kill
Sound Tigers - 1 on 3 Attempt(s) - 33.33%
- Score 0 goal in Penalty Kill
Team Stat
Wolfpack - Hits : 24 - Faceoff Wins : 41 - Blocked Shots : 12 - Penalty Minutes : 6
Sound Tigers - Hits : 16 - Faceoff Wins : 32 - Blocked Shots : 9 - Penalty Minutes : 6
Official
Referees : Pierre Lambert and Ian Walsh
Linesman : Vaughan Rody and Kiel Murchison
Game Notes
Sean Maguire enters game at 10:18 of 2nd period
Samuel Blais has scored a Hat Trick!
Finance
Level 1 -- Attendance: 1943 (97.15%) -- Ticket Income $68,005
Level 2 -- Attendance: 853 (85.30%) -- Ticket Income $12,795
Total Attendance: 2796 (93.20%)
Total Ticket Income: $80,800
Other Income: $4,040
Total Income: $84,840
Wolfpack
5 vs 5 Forward
Center Left Wing Right Wing Time % Phy DF OF
1 Maxime Sauvé Dave Dziurzynski Stefan Noesen 40 1 2 2
2 Henrik Samuelsson Samuel Blais Alex Barre-Boulet 30 1 2 2
3 Seth Griffith Ryan Dzingel Sebastian Collberg 20 1 2 2
4 Kevin Roy David Pope Connor Chatam 10 1 2 2
5 vs 5 Defense
Defense Defense Time % Phy DF OF
1 Derrick Pouliot Steven Santini 40 1 2 2
2 Vince Dunn Mikhail Sergachev 30 1 2 2
3 Ryan Culkin Colton White 20 1 2 2
4 Derrick Pouliot Steven Santini 10 1 2 2
PowerPlay Forward
Center Left Wing Right Wing Time % Phy DF OF
1 Maxime Sauvé Dave Dziurzynski Stefan Noesen 60 1 2 2
2 Henrik Samuelsson Ryan Dzingel Samuel Blais 40 1 2 2
PowerPlay Defense
Defense Defense Time % Phy DF OF
1 Derrick Pouliot Steven Santini 60 1 2 2
2 Vince Dunn Mikhail Sergachev 40 1 2 2
Penalty Kill 4 Players Forward
Center Wing Time % Phy DF OF
1 Maxime Sauvé Dave Dziurzynski 60 1 2 2
2 Henrik Samuelsson Ryan Dzingel 40 1 2 2
Penalty Kill 4 Players Defense
Defense Defense Time % Phy DF OF
1 Derrick Pouliot Steven Santini 60 1 2 2
2 Vince Dunn Mikhail Sergachev 40 1 2 2
Penalty Kill - 3 Players Forward
Forward Time % Phy DF OF
1 Maxime Sauvé 60 1 2 2
2 Henrik Samuelsson 40 1 2 2
Penalty Kill - 3 Players Defense
Defense Defense Time % Phy DF OF
1 Derrick Pouliot Steven Santini 60 1 2 2
2 Vince Dunn Mikhail Sergachev 40 1 2 2
4 vs 4 Forward
Center Wing Time % Phy DF OF
1 Maxime Sauvé Dave Dziurzynski 60 1 2 2
2 Henrik Samuelsson Ryan Dzingel 40 1 2 2
4 vs 4 Defense
Defense Defense Time % Phy DF OF
1 Derrick Pouliot Steven Santini 60 1 2 2
2 Vince Dunn Mikhail Sergachev 40 1 2 2
Last Minutes Offensive
Center Left Wing Right Wing Defense Defense
Maxime Sauvé Dave Dziurzynski Stefan Noesen Derrick Pouliot Steven Santini
Last Minutes Defensive
Center Left Wing Right Wing Defense Defense
Maxime Sauvé Dave Dziurzynski Stefan Noesen Derrick Pouliot Steven Santini
Goaltenders
Starting : Samuel Montembeault
Backup : Mike Condon
Extra Forwards
Normal : Ryan Dzingel, David Pope, Seth Griffith - PP : Ryan Dzingel, David Pope - PK : Ryan Dzingel
Extra Defensemen
Normal : Mikhail Sergachev, Ryan Culkin, Colton White - PP : Mikhail Sergachev - PK : Mikhail Sergachev, Ryan Culkin
Penalty Shots
Maxime Sauvé, Stefan Noesen, Dave Dziurzynski, Henrik Samuelsson, Ryan Dzingel
Scratches
Adam Lowry (Healthy), Dryden Hunt (Healthy), Jacob Middleton (Healthy), Jake Marchment (Healthy), Joel Kiviranta (Healthy)
Joshua Jacobs (Healthy), Keegan Kolesar (Healthy), Mikhail Vorobyev (Healthy), Will Borgen (Healthy), Alexander Barabanov (Healthy)
Andrew Peeke (Healthy), Dante Fabbro (Healthy), Jeffrey Viel (Healthy), Yegor Korshkov (Healthy), Jake Paterson (Healthy)
Sound Tigers
5 vs 5 Forward
Center Left Wing Right Wing Time % Phy DF OF
1 Ryan Bourque James Sheppard Borna Rendulic 40 1 2 2
2 Pavel Kraskovsky Ben Thomson James Livingstone 30 1 2 2
3 Rhett Gardner Tyrell Goulbourne Scott Glennie 20 1 2 2
4 Ben Johnson Brad Ross Josh Archibald 10 1 2 2
5 vs 5 Defense
Defense Defense Time % Phy DF OF
1 Connor Murphy Dylan McIlrath 40 1 2 2
2 Julian Melchiori Slater Koekkoek 30 1 2 2
3 Gabriel Carlsson Alexander Yelesin 20 1 2 2
4 Connor Murphy Dylan McIlrath 10 1 2 2
PowerPlay Forward
Center Left Wing Right Wing Time % Phy DF OF
1 Ryan Bourque James Sheppard Borna Rendulic 60 1 2 2
2 Pavel Kraskovsky Ben Thomson James Livingstone 40 1 2 2
PowerPlay Defense
Defense Defense Time % Phy DF OF
1 Connor Murphy Dylan McIlrath 60 1 2 2
2 Julian Melchiori Slater Koekkoek 40 1 2 2
Penalty Kill 4 Players Forward
Center Wing Time % Phy DF OF
1 James Sheppard Borna Rendulic 60 1 2 2
2 James Livingstone Ben Thomson 40 1 2 2
Penalty Kill 4 Players Defense
Defense Defense Time % Phy DF OF
1 Connor Murphy Dylan McIlrath 60 1 2 2
2 Julian Melchiori Slater Koekkoek 40 1 2 2
Penalty Kill - 3 Players Forward
Forward Time % Phy DF OF
1 James Sheppard 60 1 2 2
2 Borna Rendulic 40 1 2 2
Penalty Kill - 3 Players Defense
Defense Defense Time % Phy DF OF
1 Connor Murphy Dylan McIlrath 60 1 2 2
2 Julian Melchiori Slater Koekkoek 40 1 2 2
4 vs 4 Forward
Center Wing Time % Phy DF OF
1 James Sheppard Borna Rendulic 60 1 2 2
2 James Livingstone Ben Thomson 40 1 2 2
4 vs 4 Defense
Defense Defense Time % Phy DF OF
1 Connor Murphy Dylan McIlrath 60 1 2 2
2 Julian Melchiori Slater Koekkoek 40 1 2 2
Last Minutes Offensive
Center Left Wing Right Wing Defense Defense
Ryan Bourque James Sheppard Borna Rendulic Connor Murphy Dylan McIlrath
Last Minutes Defensive
Center Left Wing Right Wing Defense Defense
Ryan Bourque James Sheppard Borna Rendulic Connor Murphy Dylan McIlrath
Goaltenders
Starting : Pavel Francouz
Backup : Sean Maguire
Extra Forwards
Normal : Garret Pilon, Blake Speers, Brandon Gignac - PP : Garret Pilon, Blake Speers - PK : Brandon Gignac
Extra Defensemen
Normal : Gabriel Carlsson, Alexander Yelesin, Julian Melchiori - PP : Gabriel Carlsson - PK : Alexander Yelesin, Julian Melchiori
Penalty Shots
James Sheppard, Borna Rendulic, James Livingstone, Ben Thomson, Ryan Bourque
Scratches
Garret Ross (Healthy), Joe Labate (Healthy), Chris Driedger (Healthy)
% Time on Ice - Wolfpack
Lines # - Real PCT - Wanted PCT - Time Play
Normal Forward
1 - 35% - 40% - 17:55
2 - 27% - 30% - 13:44
3 - 24% - 20% - 12:00
4 - 14% - 10% - 7:11
Normal Defense
1 - 39% - 40% - 19:48
2 - 31% - 30% - 15:40
3 - 25% - 20% - 12:44
4 - 5% - 10% - 2:38
PP Forward
1 - 59% - 60% - 1:54
2 - 41% - 40% - 1:19
PP Defense
1 - 66% - 60% - 2:07
2 - 34% - 40% - 1:06
PK Forward
1 - 79% - 60% - 4:43
2 - 21% - 40% - 1:14
PK Defense
1 - 59% - 60% - 3:31
2 - 41% - 40% - 2:26
PK3 Forward
1 - 0% - 60%
2 - 0% - 40%
PK3 Defense
1 - 0% - 60%
2 - 0% - 40%
44 Forward
1 - 0% - 60%
2 - 0% - 40%
44 Defense
1 - 0% - 60%
2 - 0% - 40%
Last Minute Offensive - 0:00
Last Minute Defensive - 0:00
Total
Forward - 60:00
Defense - 60:00
|
% Time on Ice - Sound Tigers
Lines # - Real PCT - Wanted PCT - Time Play
Normal Forward
1 - 34% - 40% - 17:08
2 - 26% - 30% - 13:24
3 - 22% - 20% - 10:59
4 - 18% - 10% - 9:19
Normal Defense
1 - 40% - 40% - 20:28
2 - 34% - 30% - 17:11
3 - 20% - 20% - 10:25
4 - 5% - 10% - 2:46
PP Forward
1 - 52% - 60% - 3:04
2 - 48% - 40% - 2:53
PP Defense
1 - 53% - 60% - 3:09
2 - 47% - 40% - 2:48
PK Forward
1 - 82% - 60% - 2:38
2 - 18% - 40% - 0:35
PK Defense
1 - 30% - 60% - 0:58
2 - 70% - 40% - 2:15
PK3 Forward
1 - 0% - 60%
2 - 0% - 40%
PK3 Defense
1 - 0% - 60%
2 - 0% - 40%
44 Forward
1 - 0% - 60%
2 - 0% - 40%
44 Defense
1 - 0% - 60%
2 - 0% - 40%
Last Minute Offensive - 0:00
Last Minute Defensive - 0:00
Total
Forward - 60:00
Defense - 60:00
|
Play-by-Play
1st period
0:01 of 1st period - Maxime Sauvé wins face-off versus Ryan Bourque in neutral zone.
0:33 of 1st period - Backhand shot by Rhett Gardner.
0:33 of 1st period - Shot Misses the Net.
0:39 of 1st period - Slapshot by Connor Murphy.
0:39 of 1st period - Deflect By Tyrell Goulbourne.
0:39 of 1st period - Shot Misses the Net.
0:39 of 1st period - Puck is out of play.
0:40 of 1st period - James Livingstone wins face-off versus Henrik Samuelsson in Wolfpack zone.
1:12 of 1st period - Ryan Culkin is hit by Borna Rendulic and loses puck.
1:35 of 1st period - Wrist shot by Vince Dunn.
1:35 of 1st period - Stopped by Pavel Francouz without a rebound.
1:36 of 1st period - Ben Johnson wins face-off versus Kevin Roy in Sound Tigers zone.
1:40 of 1st period - Off-side.
1:41 of 1st period - Rhett Gardner wins face-off versus Henrik Samuelsson in neutral zone.
2:12 of 1st period - Slapshot by Pavel Kraskovsky.
2:12 of 1st period - Shot Misses the Net.
2:14 of 1st period - Snap shot by James Livingstone.
2:14 of 1st period - Stopped by Samuel Montembeault without a rebound.
2:15 of 1st period - Seth Griffith wins face-off versus Ryan Bourque in Wolfpack zone.
2:40 of 1st period - Maxime Sauvé is hit by Brad Ross and loses puck.
3:05 of 1st period - Dylan McIlrath is hit by Alex Barre-Boulet.
3:09 of 1st period - Mikhail Sergachev is hit by Ben Thomson and loses puck.
3:23 of 1st period - Off-side.
3:24 of 1st period - Kevin Roy wins face-off versus Ryan Bourque in neutral zone.
3:27 of 1st period - Snap shot by David Pope.
3:27 of 1st period - Shot Blocked by Alexander Yelesin.
3:49 of 1st period - James Livingstone is hit by Stefan Noesen and loses puck.
4:52 of 1st period - Snap shot by Ben Johnson.
4:52 of 1st period - Shot Misses the Net.
4:54 of 1st period - Slapshot by Dylan McIlrath.
4:54 of 1st period - Deflect By Brad Ross.
4:54 of 1st period - Shot Misses the Net.
4:54 of 1st period - Puck is out of play.
4:55 of 1st period - Ben Johnson wins face-off versus Maxime Sauvé in Wolfpack zone.
5:06 of 1st period - Slapshot by Connor Murphy.
5:06 of 1st period - Deflect By Dave Dziurzynski.
5:06 of 1st period - Stopped by Samuel Montembeault with a rebound.
5:08 of 1st period - Snap shot by Connor Murphy.
5:08 of 1st period - Shot Blocked by Derrick Pouliot.
5:10 of 1st period - Snap shot by Dylan McIlrath.
5:10 of 1st period - Shot Misses the Net.
5:12 of 1st period - Slapshot by Connor Murphy.
5:12 of 1st period - Stopped by Samuel Montembeault with a rebound.
5:28 of 1st period - Snap shot by Samuel Blais.
5:28 of 1st period - Goal by Samuel Blais - Wolfpack : 1 - Sound Tigers : 0.
5:29 of 1st period - Maxime Sauvé wins face-off versus Borna Rendulic in neutral zone.
5:42 of 1st period - Slapshot by Maxime Sauvé.
5:42 of 1st period - Stopped by Pavel Francouz without a rebound.
5:43 of 1st period - Samuel Blais wins face-off versus Pavel Kraskovsky in Sound Tigers zone.
5:44 of 1st period - Snap shot by Henrik Samuelsson.
5:44 of 1st period - Stopped by Pavel Francouz without a rebound.
5:45 of 1st period - Pavel Kraskovsky wins face-off versus Samuel Blais in Sound Tigers zone.
5:49 of 1st period - Off-side.
5:50 of 1st period - Pavel Kraskovsky wins face-off versus Henrik Samuelsson in neutral zone.
5:59 of 1st period - Snap shot by Pavel Kraskovsky.
5:59 of 1st period - Shot Misses the Net.
6:01 of 1st period - Wrist shot by James Livingstone.
6:01 of 1st period - Stopped by Samuel Montembeault with a rebound.
6:15 of 1st period - Wrist shot by Stefan Noesen.
6:15 of 1st period - Goal by Stefan Noesen - Wolfpack : 2 - Sound Tigers : 0.
6:16 of 1st period - Seth Griffith wins face-off versus Ryan Bourque in neutral zone.
6:50 of 1st period - Snap shot by Dave Dziurzynski.
6:50 of 1st period - Shot Misses the Net.
6:52 of 1st period - Snap shot by Stefan Noesen.
6:52 of 1st period - Stopped by Pavel Francouz without a rebound.
6:53 of 1st period - Kevin Roy wins face-off versus Pavel Kraskovsky in Sound Tigers zone.
7:50 of 1st period - Snap shot by Stefan Noesen.
7:50 of 1st period - Stopped by Pavel Francouz with a rebound.
8:06 of 1st period - Rhett Gardner is hit by Sebastian Collberg and loses puck.
8:12 of 1st period - Off-side.
8:13 of 1st period - Ryan Bourque wins face-off versus Stefan Noesen in neutral zone.
8:20 of 1st period - Slapshot by Ryan Bourque.
8:20 of 1st period - Stopped by Samuel Montembeault without a rebound.
8:21 of 1st period - Maxime Sauvé wins face-off versus Ryan Bourque in Wolfpack zone.
9:10 of 1st period - Slapshot by Connor Murphy.
9:10 of 1st period - Deflect By Ben Thomson.
9:10 of 1st period - Shot Misses the Net.
9:10 of 1st period - Puck is out of play.
9:11 of 1st period - James Sheppard wins face-off versus Seth Griffith in Wolfpack zone.
9:14 of 1st period - Snap shot by James Sheppard.
9:14 of 1st period - Shot Hit the Post.
9:24 of 1st period - Snap shot by Ryan Dzingel.
9:24 of 1st period - Shot Misses the Net.
10:49 of 1st period - Snap shot by Ryan Dzingel.
10:49 of 1st period - Shot Hit the Post.
10:52 of 1st period - Icing by Gabriel Carlsson.
10:53 of 1st period - Maxime Sauvé wins face-off versus Ryan Bourque in Sound Tigers zone.
10:58 of 1st period - Snap shot by Dave Dziurzynski.
10:58 of 1st period - Shot Blocked by Borna Rendulic.
11:14 of 1st period - Ryan Bourque is hit by Stefan Noesen and loses puck.
11:41 of 1st period - Snap shot by Stefan Noesen.
11:41 of 1st period - Stopped by Pavel Francouz without a rebound.
11:42 of 1st period - Henrik Samuelsson wins face-off versus Pavel Kraskovsky in Sound Tigers zone.
11:43 of 1st period - Snap shot by Samuel Blais.
11:43 of 1st period - Shot Misses the Net.
11:45 of 1st period - Snap shot by Henrik Samuelsson.
11:45 of 1st period - Shot Misses the Net.
11:47 of 1st period - Slapshot by Mikhail Sergachev.
11:47 of 1st period - Stopped by Pavel Francouz with a rebound.
12:07 of 1st period - David Pope is hit by Julian Melchiori and loses puck.
12:36 of 1st period - Snap shot by Seth Griffith.
12:36 of 1st period - Shot Blocked by Dylan McIlrath.
12:38 of 1st period - Wrist shot by Sebastian Collberg.
12:38 of 1st period - Stopped by Pavel Francouz without a rebound.
12:39 of 1st period - Pavel Kraskovsky wins face-off versus Maxime Sauvé in Sound Tigers zone.
12:39 of 1st period - Pavel Kraskovsky is hit by Dave Dziurzynski.
13:13 of 1st period - Snap shot by Henrik Samuelsson.
13:13 of 1st period - Stopped by Pavel Francouz with a rebound.
13:27 of 1st period - Wrist shot by Tyrell Goulbourne.
13:27 of 1st period - Shot Misses the Net.
13:29 of 1st period - Slapshot by Scott Glennie.
13:29 of 1st period - Shot Misses the Net.
13:51 of 1st period - Snap shot by Dave Dziurzynski.
13:51 of 1st period - Stopped by Pavel Francouz without a rebound.
13:52 of 1st period - Maxime Sauvé wins face-off versus Ben Johnson in Sound Tigers zone.
13:53 of 1st period - Snap shot by Dave Dziurzynski.
13:53 of 1st period - Stopped by Pavel Francouz with a rebound.
13:55 of 1st period - Snap shot by Stefan Noesen.
13:55 of 1st period - Shot Misses the Net.
13:57 of 1st period - Slapshot by Dave Dziurzynski.
13:57 of 1st period - Deflect By Dylan McIlrath.
13:57 of 1st period - Goal by Dave Dziurzynski - Wolfpack : 3 - Sound Tigers : 0.
13:58 of 1st period - Ryan Bourque wins face-off versus Alex Barre-Boulet in neutral zone.
14:27 of 1st period - Backhand shot by Pavel Kraskovsky.
14:27 of 1st period - Stopped by Samuel Montembeault with a rebound.
14:29 of 1st period - Slapshot by Connor Murphy.
14:29 of 1st period - Shot Blocked by Vince Dunn.
14:31 of 1st period - Wrist shot by Ben Thomson.
14:31 of 1st period - Shot Misses the Net.
14:33 of 1st period - Snap shot by Ben Thomson.
14:33 of 1st period - Deflect By Mikhail Sergachev.
14:33 of 1st period - Shot Hit the Post.
14:33 of 1st period - Puck is out of play.
14:34 of 1st period - Pavel Kraskovsky wins face-off versus Maxime Sauvé in Wolfpack zone.
14:42 of 1st period - Minor Penalty to Stefan Noesen for Goalie Interference.
14:43 of 1st period - Maxime Sauvé wins face-off versus Ryan Bourque in Wolfpack zone.
14:51 of 1st period - Wrist shot by Connor Murphy.
14:51 of 1st period - Stopped by Samuel Montembeault with a rebound.
15:14 of 1st period - Snap shot by Pavel Kraskovsky.
15:14 of 1st period - Shot Blocked by Derrick Pouliot.
15:16 of 1st period - Backhand shot by Slater Koekkoek.
15:16 of 1st period - Shot Misses the Net.
15:18 of 1st period - Slapshot by Slater Koekkoek.
15:18 of 1st period - Stopped by Samuel Montembeault without a rebound.
15:19 of 1st period - Maxime Sauvé wins face-off versus Pavel Kraskovsky in Wolfpack zone.
15:28 of 1st period - Slapshot by James Livingstone.
15:28 of 1st period - Shot Blocked by Mikhail Sergachev.
15:30 of 1st period - Snap shot by Pavel Kraskovsky.
15:30 of 1st period - Stopped by Samuel Montembeault with a rebound.
15:48 of 1st period - Snap shot by Henrik Samuelsson.
15:48 of 1st period - Stopped by Pavel Francouz without a rebound.
15:49 of 1st period - Borna Rendulic wins face-off versus Henrik Samuelsson in Sound Tigers zone.
16:15 of 1st period - Ben Thomson is hit by Dave Dziurzynski.
16:42 of 1st period - Penalty to Stefan Noesen is over, Stefan Noesen is back on ice.
17:00 of 1st period - Icing by Alex Barre-Boulet.
17:01 of 1st period - Henrik Samuelsson wins face-off versus Ben Johnson in Wolfpack zone.
17:20 of 1st period - Alex Barre-Boulet is hit by Alexander Yelesin and loses puck.
18:07 of 1st period - Snap shot by Ben Johnson.
18:07 of 1st period - Stopped by Samuel Montembeault without a rebound.
18:08 of 1st period - Borna Rendulic wins face-off versus Maxime Sauvé in Wolfpack zone.
18:23 of 1st period - Slapshot by Stefan Noesen.
18:23 of 1st period - Deflect By Connor Murphy.
18:23 of 1st period - Stopped by Pavel Francouz without a rebound.
18:24 of 1st period - Seth Griffith wins face-off versus Pavel Kraskovsky in Sound Tigers zone.
18:31 of 1st period - Seth Griffith is hit by Ben Thomson and loses puck.
18:50 of 1st period - Ryan Bourque is hit by Stefan Noesen and loses puck.
19:15 of 1st period - Slapshot by David Pope.
19:15 of 1st period - Stopped by Pavel Francouz with a rebound.
19:17 of 1st period - Slapshot by Vince Dunn.
19:17 of 1st period - Shot Misses the Net.
19:19 of 1st period - Slapshot by Vince Dunn.
19:19 of 1st period - Stopped by Pavel Francouz with a rebound.
19:35 of 1st period - Slapshot by Connor Murphy.
19:35 of 1st period - Deflect By Mikhail Sergachev.
19:35 of 1st period - Stopped by Samuel Montembeault without a rebound.
19:36 of 1st period - Scott Glennie wins face-off versus Seth Griffith in Wolfpack zone.
19:47 of 1st period - Slater Koekkoek is hit by Sebastian Collberg and loses puck.
Goals for this period are 3 for Wolfpack vs 0 for Sound Tigers.
Shots for this period are 18 for Wolfpack vs 11 for Sound Tigers.
2nd period
0:01 of 2nd period - Pavel Kraskovsky wins face-off versus Maxime Sauvé in neutral zone.
0:40 of 2nd period - Snap shot by Steven Santini.
0:40 of 2nd period - Shot Misses the Net.
1:18 of 2nd period - Snap shot by David Pope.
1:18 of 2nd period - Shot Misses the Net.
1:20 of 2nd period - Slapshot by Steven Santini.
1:20 of 2nd period - Shot Misses the Net.
1:22 of 2nd period - Slapshot by Steven Santini.
1:22 of 2nd period - Stopped by Pavel Francouz without a rebound.
1:23 of 2nd period - Maxime Sauvé wins face-off versus Ryan Bourque in Sound Tigers zone.
1:30 of 2nd period - Snap shot by Stefan Noesen.
1:30 of 2nd period - Stopped by Pavel Francouz with a rebound.
1:50 of 2nd period - Vince Dunn is hit by Pavel Kraskovsky.
1:54 of 2nd period - Wrist shot by Henrik Samuelsson.
1:54 of 2nd period - Shot Blocked by Gabriel Carlsson.
2:12 of 2nd period - Snap shot by Ryan Dzingel.
2:12 of 2nd period - Goal by Ryan Dzingel - Wolfpack : 4 - Sound Tigers : 0.
2:13 of 2nd period - Maxime Sauvé wins face-off versus Ryan Bourque in neutral zone.
2:20 of 2nd period - Wrist shot by Stefan Noesen.
2:20 of 2nd period - Shot Blocked by Connor Murphy.
2:44 of 2nd period - Off-side.
2:45 of 2nd period - Tyrell Goulbourne wins face-off versus Henrik Samuelsson in neutral zone.
3:00 of 2nd period - Slapshot by Steven Santini.
3:00 of 2nd period - Shot Blocked by Julian Melchiori.
3:06 of 2nd period - Slapshot by Slater Koekkoek.
3:06 of 2nd period - Shot Blocked by Sebastian Collberg.
4:21 of 2nd period - Snap shot by Dylan McIlrath.
4:21 of 2nd period - Shot Blocked by Samuel Blais.
4:31 of 2nd period - Sebastian Collberg is hit by Ben Johnson and loses puck.
5:15 of 2nd period - Wrist shot by Dave Dziurzynski.
5:15 of 2nd period - Deflect By Maxime Sauvé.
5:15 of 2nd period - Shot Blocked by Dylan McIlrath.
5:15 of 2nd period - Puck is out of play.
5:16 of 2nd period - Maxime Sauvé wins face-off versus Rhett Gardner in Sound Tigers zone.
5:22 of 2nd period - Minor Penalty to Julian Melchiori for Holding Stick.
5:23 of 2nd period - Maxime Sauvé wins face-off versus James Sheppard in Sound Tigers zone.
5:25 of 2nd period - Slapshot by Dave Dziurzynski.
5:25 of 2nd period - Deflect By Stefan Noesen.
5:25 of 2nd period - Stopped by Pavel Francouz without a rebound.
5:26 of 2nd period - Dave Dziurzynski wins face-off versus James Sheppard in Sound Tigers zone.
6:13 of 2nd period - Ryan Dzingel is hit by James Livingstone.
7:22 of 2nd period - Penalty to Julian Melchiori is over, Julian Melchiori is back on ice.
8:09 of 2nd period - Snap shot by James Livingstone.
8:09 of 2nd period - Stopped by Samuel Montembeault without a rebound.
8:10 of 2nd period - Henrik Samuelsson wins face-off versus Pavel Kraskovsky in Wolfpack zone.
8:33 of 2nd period - Dylan McIlrath is hit by Mikhail Sergachev and loses puck.
9:16 of 2nd period - Minor Penalty to Alexander Yelesin for Goalie Interference.
9:17 of 2nd period - Maxime Sauvé wins face-off versus James Sheppard in Sound Tigers zone.
10:06 of 2nd period - Icing by Vince Dunn.
10:07 of 2nd period - James Sheppard wins face-off versus Maxime Sauvé in Wolfpack zone.
10:18 of 2nd period - Slapshot by Samuel Blais.
10:18 of 2nd period - Goal by Samuel Blais - Wolfpack : 5 - Sound Tigers : 0.
10:18 of 2nd period - Sean Maguire enters game.
10:19 of 2nd period - Ryan Bourque wins face-off versus Maxime Sauvé in neutral zone.
10:44 of 2nd period - Slater Koekkoek is hit by Seth Griffith and loses puck.
10:55 of 2nd period - Backhand shot by Ryan Dzingel.
10:55 of 2nd period - Shot Blocked by Borna Rendulic.
10:57 of 2nd period - Slapshot by Seth Griffith.
10:57 of 2nd period - Stopped by Sean Maguire without a rebound.
10:58 of 2nd period - Maxime Sauvé wins face-off versus Pavel Kraskovsky in Sound Tigers zone.
11:09 of 2nd period - Slapshot by Pavel Kraskovsky.
11:09 of 2nd period - Shot Blocked by Mikhail Sergachev.
11:11 of 2nd period - Wrist shot by Ben Thomson.
11:11 of 2nd period - Stopped by Samuel Montembeault without a rebound.
11:12 of 2nd period - Maxime Sauvé wins face-off versus Pavel Kraskovsky in Wolfpack zone.
11:25 of 2nd period - Slapshot by Dave Dziurzynski.
11:25 of 2nd period - Goal by Dave Dziurzynski - Wolfpack : 6 - Sound Tigers : 0.
11:26 of 2nd period - Maxime Sauvé wins face-off versus Ryan Bourque in neutral zone.
11:37 of 2nd period - Slapshot by Dylan McIlrath.
11:37 of 2nd period - Shot Blocked by Stefan Noesen.
11:39 of 2nd period - Snap shot by Borna Rendulic.
11:39 of 2nd period - Shot Misses the Net.
11:41 of 2nd period - Wrist shot by James Sheppard.
11:41 of 2nd period - Stopped by Samuel Montembeault with a rebound.
12:30 of 2nd period - Slapshot by Steven Santini.
12:30 of 2nd period - Stopped by Sean Maguire with a rebound.
12:32 of 2nd period - Snap shot by David Pope.
12:32 of 2nd period - Stopped by Sean Maguire with a rebound.
12:38 of 2nd period - Snap shot by Steven Santini.
12:38 of 2nd period - Stopped by Sean Maguire with a rebound.
12:56 of 2nd period - Slapshot by Julian Melchiori.
12:56 of 2nd period - Stopped by Samuel Montembeault without a rebound.
12:57 of 2nd period - Ryan Bourque wins face-off versus Maxime Sauvé in Wolfpack zone.
13:00 of 2nd period - Snap shot by Borna Rendulic.
13:00 of 2nd period - Stopped by Samuel Montembeault with a rebound.
13:03 of 2nd period - Icing by Mikhail Sergachev.
13:04 of 2nd period - Maxime Sauvé wins face-off versus Ryan Bourque in Wolfpack zone.
13:04 of 2nd period - Maxime Sauvé is hit by James Sheppard.
13:14 of 2nd period - James Sheppard is hit by Stefan Noesen and loses puck.
13:19 of 2nd period - Wrist shot by Stefan Noesen.
13:19 of 2nd period - Stopped by Sean Maguire with a rebound.
13:32 of 2nd period - Connor Murphy is hit by Alex Barre-Boulet and loses puck.
14:57 of 2nd period - Wrist shot by Henrik Samuelsson.
14:57 of 2nd period - Stopped by Sean Maguire with a rebound.
15:09 of 2nd period - Wrist shot by Sebastian Collberg.
15:09 of 2nd period - Stopped by Sean Maguire with a rebound.
15:19 of 2nd period - Wrist shot by Tyrell Goulbourne.
15:19 of 2nd period - Shot Misses the Net.
17:23 of 2nd period - Gabriel Carlsson is hit by Seth Griffith and loses puck.
17:52 of 2nd period - Julian Melchiori is hit by Maxime Sauvé and loses puck.
18:15 of 2nd period - Off-side.
18:16 of 2nd period - Ryan Bourque wins face-off versus Henrik Samuelsson in neutral zone.
18:30 of 2nd period - Snap shot by James Sheppard.
18:30 of 2nd period - Stopped by Samuel Montembeault without a rebound.
18:31 of 2nd period - Stefan Noesen wins face-off versus Ben Thomson in Wolfpack zone.
18:33 of 2nd period - Minor Penalty to Stefan Noesen for High sticking.
18:34 of 2nd period - Dave Dziurzynski wins face-off versus Ryan Bourque in Wolfpack zone.
19:20 of 2nd period - Dave Dziurzynski is hit by Borna Rendulic and loses puck.
Goals for this period are 3 for Wolfpack vs 0 for Sound Tigers.
Shots for this period are 13 for Wolfpack vs 6 for Sound Tigers.
3rd period
0:01 of 3rd period - Ryan Bourque wins face-off versus Maxime Sauvé in neutral zone.
0:16 of 3rd period - Snap shot by James Sheppard.
0:16 of 3rd period - Shot Misses the Net.
0:33 of 3rd period - Penalty to Stefan Noesen is over, Stefan Noesen is back on ice.
1:05 of 3rd period - Snap shot by Julian Melchiori.
1:05 of 3rd period - Deflect By Tyrell Goulbourne.
1:05 of 3rd period - Goal by Tyrell Goulbourne - Wolfpack : 6 - Sound Tigers : 1.
1:06 of 3rd period - Ryan Bourque wins face-off versus Maxime Sauvé in neutral zone.
1:13 of 3rd period - Wrist shot by Borna Rendulic.
1:13 of 3rd period - Stopped by Samuel Montembeault with a rebound.
1:41 of 3rd period - Slapshot by Dylan McIlrath.
1:41 of 3rd period - Deflect By Pavel Kraskovsky.
1:41 of 3rd period - Stopped by Samuel Montembeault with a rebound.
2:44 of 3rd period - Wrist shot by Dave Dziurzynski.
2:44 of 3rd period - Stopped by Sean Maguire with a rebound.
2:46 of 3rd period - Snap shot by Dave Dziurzynski.
2:46 of 3rd period - Shot Misses the Net.
2:58 of 3rd period - Wrist shot by Ryan Bourque.
2:58 of 3rd period - Stopped by Samuel Montembeault without a rebound.
2:59 of 3rd period - Seth Griffith wins face-off versus Pavel Kraskovsky in Wolfpack zone.
3:13 of 3rd period - Minor Penalty to Ryan Dzingel for Cross-checking.
3:14 of 3rd period - Maxime Sauvé wins face-off versus Ryan Bourque in Wolfpack zone.
5:13 of 3rd period - Penalty to Ryan Dzingel is over, Ryan Dzingel is back on ice.
5:17 of 3rd period - Ryan Culkin is hit by Scott Glennie and loses puck.
5:26 of 3rd period - Snap shot by Rhett Gardner.
5:26 of 3rd period - Goal by Rhett Gardner - Wolfpack : 6 - Sound Tigers : 2.
5:27 of 3rd period - Seth Griffith wins face-off versus Rhett Gardner in neutral zone.
5:30 of 3rd period - Tyrell Goulbourne is hit by Seth Griffith and loses puck.
5:52 of 3rd period - Connor Murphy is hit by Alex Barre-Boulet and loses puck.
6:01 of 3rd period - Slapshot by Borna Rendulic.
6:01 of 3rd period - Shot Misses the Net.
6:13 of 3rd period - Snap shot by Dave Dziurzynski.
6:13 of 3rd period - Stopped by Sean Maguire without a rebound.
6:14 of 3rd period - James Livingstone wins face-off versus Maxime Sauvé in Sound Tigers zone.
6:49 of 3rd period - Wrist shot by James Sheppard.
6:49 of 3rd period - Shot Blocked by Mikhail Sergachev.
6:51 of 3rd period - Slapshot by Connor Murphy.
6:51 of 3rd period - Stopped by Samuel Montembeault with a rebound.
8:13 of 3rd period - Wrist shot by Ryan Bourque.
8:13 of 3rd period - Shot Blocked by Samuel Blais.
8:15 of 3rd period - Slapshot by Alexander Yelesin.
8:15 of 3rd period - Stopped by Samuel Montembeault with a rebound.
8:17 of 3rd period - Wrist shot by Alexander Yelesin.
8:17 of 3rd period - Deflect By Ryan Culkin.
8:17 of 3rd period - Stopped by Samuel Montembeault without a rebound.
8:18 of 3rd period - Pavel Kraskovsky wins face-off versus Maxime Sauvé in Wolfpack zone.
8:45 of 3rd period - James Sheppard is hit by Henrik Samuelsson and loses puck.
9:27 of 3rd period - Connor Chatam is hit by James Livingstone and loses puck.
10:18 of 3rd period - Snap shot by Samuel Blais.
10:18 of 3rd period - Stopped by Sean Maguire with a rebound.
10:20 of 3rd period - Slapshot by Samuel Blais.
10:20 of 3rd period - Goal by Samuel Blais - Wolfpack : 7 - Sound Tigers : 2.
10:21 of 3rd period - Maxime Sauvé wins face-off versus Ryan Bourque in neutral zone.
10:24 of 3rd period - Slapshot by Derrick Pouliot.
10:24 of 3rd period - Stopped by Sean Maguire without a rebound.
10:25 of 3rd period - Maxime Sauvé wins face-off versus Ryan Bourque in Sound Tigers zone.
10:31 of 3rd period - Icing by Connor Murphy.
10:32 of 3rd period - Ryan Bourque wins face-off versus Dave Dziurzynski in Sound Tigers zone.
10:34 of 3rd period - Icing by Connor Murphy.
10:35 of 3rd period - Maxime Sauvé wins face-off versus Ryan Bourque in Sound Tigers zone.
10:44 of 3rd period - Snap shot by Borna Rendulic.
10:44 of 3rd period - Stopped by Samuel Montembeault with a rebound.
10:46 of 3rd period - Snap shot by Ryan Bourque.
10:46 of 3rd period - Shot Blocked by Maxime Sauvé.
10:54 of 3rd period - Snap shot by James Sheppard.
10:54 of 3rd period - Goal by James Sheppard - Wolfpack : 7 - Sound Tigers : 3.
10:55 of 3rd period - Maxime Sauvé wins face-off versus Ryan Bourque in neutral zone.
10:58 of 3rd period - Snap shot by Stefan Noesen.
10:58 of 3rd period - Shot Misses the Net.
11:00 of 3rd period - Slapshot by Steven Santini.
11:00 of 3rd period - Stopped by Sean Maguire with a rebound.
11:06 of 3rd period - Snap shot by Dave Dziurzynski.
11:06 of 3rd period - Stopped by Sean Maguire without a rebound.
11:07 of 3rd period - Ryan Bourque wins face-off versus Maxime Sauvé in Sound Tigers zone.
11:34 of 3rd period - Dylan McIlrath is hit by Samuel Blais and loses puck.
12:18 of 3rd period - Snap shot by Julian Melchiori.
12:18 of 3rd period - Stopped by Samuel Montembeault without a rebound.
12:19 of 3rd period - Maxime Sauvé wins face-off versus Ryan Bourque in Wolfpack zone.
12:24 of 3rd period - Slater Koekkoek is hit by Ryan Culkin and loses puck.
12:46 of 3rd period - Julian Melchiori is hit by Alex Barre-Boulet and loses puck.
13:07 of 3rd period - Slapshot by Brad Ross.
13:07 of 3rd period - Stopped by Samuel Montembeault without a rebound.
13:08 of 3rd period - Ben Johnson wins face-off versus Seth Griffith in Wolfpack zone.
13:31 of 3rd period - Brad Ross is hit by Seth Griffith.
13:35 of 3rd period - Josh Archibald is hit by Ryan Dzingel and loses puck.
13:58 of 3rd period - Josh Archibald is hit by Ryan Dzingel and loses puck.
14:49 of 3rd period - Wrist shot by Brad Ross.
14:49 of 3rd period - Deflect By Ryan Culkin.
14:49 of 3rd period - Stopped by Samuel Montembeault with a rebound.
14:51 of 3rd period - Slapshot by Julian Melchiori.
14:51 of 3rd period - Deflect By Ryan Dzingel.
14:51 of 3rd period - Stopped by Samuel Montembeault with a rebound.
14:53 of 3rd period - Snap shot by Ben Johnson.
14:53 of 3rd period - Stopped by Samuel Montembeault without a rebound.
14:54 of 3rd period - Maxime Sauvé wins face-off versus Ryan Bourque in Wolfpack zone.
15:38 of 3rd period - Off-side.
15:39 of 3rd period - Rhett Gardner wins face-off versus Kevin Roy in neutral zone.
16:06 of 3rd period - Wrist shot by Ben Thomson.
16:06 of 3rd period - Shot Blocked by David Pope.
16:14 of 3rd period - Wrist shot by Vince Dunn.
16:14 of 3rd period - Goal by Vince Dunn - Wolfpack : 8 - Sound Tigers : 3.
16:15 of 3rd period - Ryan Bourque wins face-off versus Maxime Sauvé in neutral zone.
16:24 of 3rd period - Derrick Pouliot is hit by James Sheppard and loses puck.
16:31 of 3rd period - Wrist shot by Ryan Bourque.
16:31 of 3rd period - Stopped by Samuel Montembeault with a rebound.
16:44 of 3rd period - Off-side.
16:45 of 3rd period - Pavel Kraskovsky wins face-off versus Henrik Samuelsson in neutral zone.
16:56 of 3rd period - Ben Thomson is hit by Vince Dunn and loses puck.
17:12 of 3rd period - Minor Penalty to Ben Thomson for Roughing.
17:13 of 3rd period - Stefan Noesen wins face-off versus James Sheppard in Sound Tigers zone.
17:22 of 3rd period - Snap shot by Stefan Noesen.
17:22 of 3rd period - Shot Misses the Net.
17:24 of 3rd period - Slapshot by Steven Santini.
17:24 of 3rd period - Goal by Steven Santini - Wolfpack : 9 - Sound Tigers : 3.
17:25 of 3rd period - Maxime Sauvé wins face-off versus Ryan Bourque in neutral zone.
17:36 of 3rd period - Slapshot by James Sheppard.
17:36 of 3rd period - Stopped by Samuel Montembeault without a rebound.
17:37 of 3rd period - Maxime Sauvé wins face-off versus Ryan Bourque in Wolfpack zone.
18:07 of 3rd period - Snap shot by Samuel Blais.
18:07 of 3rd period - Shot Blocked by Pavel Kraskovsky.
18:09 of 3rd period - Slapshot by Derrick Pouliot.
18:09 of 3rd period - Stopped by Sean Maguire with a rebound.
18:11 of 3rd period - Wrist shot by Henrik Samuelsson.
18:11 of 3rd period - Stopped by Sean Maguire without a rebound.
18:12 of 3rd period - Ryan Bourque wins face-off versus Maxime Sauvé in Sound Tigers zone.
18:43 of 3rd period - Alex Barre-Boulet is hit by Pavel Kraskovsky and loses puck.
19:22 of 3rd period - Slapshot by Josh Archibald.
19:22 of 3rd period - Stopped by Samuel Montembeault without a rebound.
19:23 of 3rd period - Maxime Sauvé wins face-off versus Ben Johnson in Wolfpack zone.
19:23 of 3rd period - Maxime Sauvé is hit by Dylan McIlrath.
19:30 of 3rd period - Off-side.
19:31 of 3rd period - Ryan Bourque wins face-off versus Maxime Sauvé in neutral zone.
Goals for this period are 3 for Wolfpack vs 3 for Sound Tigers.
Shots for this period are 11 for Wolfpack vs 18 for Sound Tigers.